 Dungeon Crawl Stone Soup version 0.19.1-1-g22dce08 (webtiles) character file.

93 ponk the Grave Robber (level 4, -2/30 HPs)
             Began as a Mummy Necromancer on Jan 8, 2017.
             Killed by divine providence
             ... invoked by an orc priest
              (11 damage)
             ... on level 3 of the Dungeon.
             The game lasted 00:15:06 (3226 turns).

ponk the Grave Robber (Mummy Necromancer)           Turns: 3226, Time: 00:15:07

Health: -2/30      AC:  7    Str: 11    XL:     4   Next: 37%
Magic:  6/8        EV: 12    Int: 15    God:
Gold:   102        SH:  5    Dex: 12    Spells: 2 memorised, 6 levels left

rFire  x . .     SeeInvis .     e - +0 blowgun
rCold  + . .     Gourm    .     a - +0 robe
rNeg   + + +     Faith    .     (no shield)
rPois  ∞         Spirit   .     (no helmet)
rElec  .         Reflect  +     m - +0 cloak
rCorr  .         Harm     .     (no gloves)
MR     .....                    (no boots)
Stlth  ++........               f - +5 amulet of reflection
                                (no ring)
                                k - +4 ring of protection

@: no status effects
A: no food or potions, fire vulnerability, cold resistance 1, negative energy
resistance 3, torment resistance, unbreathing
a: no special abilities


You were on level 3 of the Dungeon.
You were not hungry.

You visited 1 branch of the dungeon, and saw 3 of its levels.

You collected 102 gold pieces.

Inventory:

Hand Weapons
 e - a +0 blowgun (weapon)
 j - a +0 whip
Missiles
 o - 11 poisoned needles (quivered)
Armour
 a - a +0 robe (worn)
 m - a +0 cloak (worn)
Jewellery
 f - a +5 amulet of reflection (around neck)
 k - a +4 ring of protection (left hand)
 n - an uncursed amulet of faith
Scrolls
 c - 2 scrolls of teleportation
 d - a scroll of recharging
 g - 3 scrolls of remove curse {unknown}
 h - a scroll of enchant armour {unknown}
 i - a scroll of fear {unknown}
 l - a scroll of enchant weapon {unknown}
Books
 b - a book of Necromancy

   Spells                             Type                      Level
   a - Pain                           Necromancy                   1
   b - Animate Skeleton               Necromancy                   1
   c - Vampiric Draining              Necromancy                   3
   d - Regeneration                   Charms/Necromancy            3
   e - Animate Dead                   Necromancy                   4
   f - Control Undead                 Necromancy                   4


   Skills:
 + Level 0.2 Fighting
 + Level 1.8 Dodging
 + Level 1.9 Stealth
 + Level 0.7 Unarmed Combat
 + Level 2.6 Spellcasting
 + Level 5.0 Necromancy


You had 6 spell levels left.
You knew the following spells:

 Your Spells              Type           Power        Failure   Level  Hunger
a - Pain                  Necr           ###.         2%          1    N/A
b - Animate Skeleton      Necr           N/A          2%          1    N/A

Dungeon Overview and Level Annotations

Branches:
Dungeon (3/15)

Altars:


Innate Abilities, Weirdness & Mutations

You do not eat or drink.
Your flesh is vulnerable to fire.
You are immune to poison.
Your flesh is cold resistant. (rC+)
You are immune to negative energy. (rN+++)
You are immune to unholy pain and torment.
You can survive without breathing.


Message History

Your bat skeleton barely misses the orc. x2
The orc hits your bat skeleton but does no damage.
An adder comes into view.
Your bat skeleton hits the orc but does no damage.
Your bat skeleton closely misses the orc.
Your bat skeleton hits the orc.
The orc hits your bat skeleton with a club.
Your bat skeleton is destroyed!
The orc priest calls upon Beogh to heal the orc.
The orc's wounds heal themselves!
There is a stone staircase leading down here.
Casting: Pain
Confirm with . or Enter, or press ? or * to list all spells.
Aiming: Pain
Press: ? - help, Shift-Dir - straight line, f - orc
Aim: an orc, wielding a club and wearing a leather armour (chance to defeat MR: 87%)
The orc writhes in agony!
The orc priest mumbles some strange prayers to Beogh against you.
Beogh smites you!
You die...

#..#
#....####...
#..#
#......oo...
#######..#
#....####...
........o#
###### ####
.#####.o.######
#.............
.#.####.#######
...............
.......@.......
.............S.
.......#######.
....... #######


You could see an orc priest, an adder and an orc.

Vanquished Creatures
  2 adders (D:2)
  A worm (D:2)
  5 leopard geckos
  2 orcs (D:3)
  4 giant cockroaches
  7 goblins
  9 hobgoblins
  4 jackals (D:2)
  8 kobolds
  6 bats
  3 frilled lizards (D:1)
  3 rats
54 creatures vanquished.

Vanquished Creatures (collateral kills)
  A worm (D:2)
  A rat (D:2)
2 creatures vanquished.

Vanquished Creatures (others)
  A bat (D:1)
1 creature vanquished.

Grand Total: 57 creatures vanquished

Notes
Turn   | Place    | Note
-------+----------+-------------------------------------------
     0 | D:1      | ponk the Mummy Necromancer began the quest for the Orb.
     0 | D:1      | Reached XP level 1. HP: 13/13 MP: 3/3
    19 | D:1      | Learned a level 1 spell: Animate Skeleton
   366 | D:1      | Reached XP level 2. HP: 17/19 MP: 0/5
  1310 | D:1      | Reached XP level 3. HP: 18/24 MP: 2/6
  2628 | D:2      | Reached skill level 5 in Necromancy
  2628 | D:2      | Reached XP level 4. HP: 30/30 MP: 1/7
  3226 | D:3      | Killed from afar by an orc priest

Skill      XL: |  1  2  3 |
---------------+----------+-----
Necromancy     | 5 |  5.0
Fighting       | |  0.2
Dodging        | |  1.8
Stealth        | |  1.9
Unarmed Combat | |  0.7
Spellcasting   | |  2.6

Action                   |  1- 3 |  4- 6 || total
-------------------------+-------+-------++-------
Melee: Short sword       |    24 |       ||    24
       Unarmed           |    57 |     5 ||    62
 Cast: Pain              |    77 |    27 ||   104
       Animate Skeleton  |     9 |     1 ||    10
  Use: Scroll            |     3 |     1 ||     4
Armor: Robe              |    30 |       ||    30
Dodge: Dodged            |    74 |     2 ||    76
Block: Other             |     9 |     5 ||    14
       Reflection        |       |     1 ||     1
